 Dungeon Crawl Stone Soup version 0.31-a0-865-g3d5d91748a (webtiles) character file.

Game seed: 6140413981215267500

1050 Flugkiller the Shield-Bearer (level 8, -8/44 (48) HPs)
             Began as a Deep Elf Fighter on Oct 11, 2023.
             Was an Initiate of Makhleb.
             Mangled by Jeremiah
             ... wielding a +4 trident of draining
              (9 damage)
             ... on level 6 of the Dungeon.
             The game lasted 00:08:00 (5687 turns).

Flugkiller the Shield-Bearer (Deep Elf Fighter)     Turns: 5687, Time: 00:08:01

HP:   -8/44 (48)    AC: 19    Str: 13    XL:     8   Next: 5%
MP:   10/10         EV:  1    Int: 14    God:    Makhleb [......]
Gold: 290           SH: 12    Dex: 16    Spells: 7/7 levels left

rFire   . . .        a - +0 long sword
rCold   . . .        d - +2 kite shield {rN+}
rNeg    + . .        u - +6 plate armour of Efyer {Stlth+}
rPois   .            (no helmet)
rElec   .            (no cloak)
rCorr   .            y - +0 pair of gloves
SInv    .            s - +0 pair of boots
Will    .....        g - amulet of the acrobat Stlth
                     (no ring)
HPRegen 0.27/turn    (no ring)
MPRegen 0.12/turn

%: acrobat
@: attractive, drained
A: no striking features
a: Renounce Religion


You were on level 6 of the Dungeon.
You worshipped Makhleb.
Makhleb was noncommittal.
You visited 1 branch of the dungeon, and saw 6 of its levels.

You collected 290 gold pieces.

Inventory:

Hand Weapons
 a - a +0 long sword (weapon)
 x - a +2 dagger of venom
   (You took it off a goblin on level 4 of the Dungeon)
Armour
 b - a +0 scale mail
 c - a +0 buckler
 d - a +2 kite shield of positive energy (worn)
   (You found it on level 3 of the Dungeon)
 n - a +0 ring mail
   (You found it on level 1 of the Dungeon)
 s - a +0 pair of boots (worn)
   (You found it on level 2 of the Dungeon)
 u - the +6 plate armour of Efyer (worn) {Stlth+}
   (You found it on level 4 of the Dungeon)

   Stlth+:    It makes you more stealthy.
 y - a +0 pair of gloves (worn)
   (You found it on level 5 of the Dungeon)
Jewellery
 g - an amulet of the acrobat (around neck)
   (You found it on level 3 of the Dungeon)
Talismans
 l - a beast talisman
   (You found it on level 1 of the Dungeon)
Wands
 w - a wand of charming (6)
   (You found it on level 4 of the Dungeon)
Scrolls
 f - 3 scrolls of fog
 h - 2 scrolls of immolation
 k - a scroll of vulnerability
 m - a scroll of enchant weapon {unknown}
 o - a scroll of brand weapon {unknown}
 t - a scroll of teleportation
 B - a scroll of revelation {unknown}
 D - a scroll of noise {unknown}
Potions
 j - a potion of enlightenment
 p - a potion of lignification {unknown}
 q - a potion of curing
 v - a potion of resistance {unknown}
 A - a potion of heal wounds {unknown}
 C - a potion of brilliance {unknown}


   Skills:
 + Level 3.8 Fighting
 + Level 4.7 Long Blades
 - Level 2.4 Armour
 + Level 6.4 Shields


You had 7 spell levels left.
You didn't know any spells.
Your spell library contained the following spells:

 Spells                   Type           Power      Damage    Failure   Level
 Sandblast                Erth           0%         2d4       100%        1
 Blink                    Tloc           0%         N/A       100%        2
 Lesser Beckoning         Tloc           0%         N/A       100%        2
 Momentum Strike          Conj/Tloc      0%         3d8       100%        2
 Passwall                 Tmut/Erth      0%         N/A       100%        2
 Sublimation of Blood     Necr           0%         N/A       100%        2
 Wereblood                Tmut           0%         N/A       100%        2
 Call Canine Familiar     Summ           0%         N/A       100%        3
 Sigil of Binding         Hex            0%         N/A       100%        3
 Stone Arrow              Conj/Erth      0%         3d7       100%        3
 Summon Guardian Golem    Hex/Summ       0%         N/A       100%        3
 Brom's Barrelling Bould  Conj/Erth      0%         2d3       100%        4
 Dimensional Bullseye     Hex/Tloc       0%         N/A       100%        4
 Leda's Liquefaction      Hex/Erth       0%         N/A       100%        4
 Alistair's Intoxication  Tmut/Pois      0%         N/A       100%        5
 Borgnjor's Vile Clutch   Necr/Erth      0%         N/A       100%        5
 Eringya's Noxious Bog    Tmut/Pois      0%         4d6       100%        6
 Orb of Destruction       Conj           0%         9d5       100%        7
 Spellforged Servitor     Conj/Summ      0%         N/A       100%        7
 Summon Hydra             Summ           0%         N/A       100%        7


Dungeon Overview and Level Annotations

Branches:
Dungeon (6/15) Zot: 26356
 Temple: D:4-7

Altars:
Gozag
Makhleb
Nemelex Xobeh
Yredelemnul

Annotations:
D:3 2 runed translucent doors, Syrassil's ghost, amateur HOGl
D:5 1 transporter
D:6 Jeremiah


Message History

Aim: Jeremiah, wielding a +4 trident of draining, wearing a +0 robe and wearing an orb of energy (heavily wounded, chance to affect: 31%) Jeremiah easily resists.
Aiming: Charm
Press: ? - help, Shift-Dir - straight line, f/p - Jeremiah
Aim: Jeremiah, wielding a +4 trident of draining, wearing a +0 robe and wearing an orb of energy (heavily wounded, chance to affect: 31%) Jeremiah easily resists.
Jeremiah mumbles a slurred invocation.
Something smites you!
As you read the scroll of summoning, it crumbles to dust.
Wisps of shadow whirl around you...
Jeremiah hits you from afar with a +4 trident of draining.
You partially resist.
You feel drained.
Unknown command.
Your ice beast hits Jeremiah but does no damage.
Jeremiah closely misses your hound.
Your hound barely misses Jeremiah.
Jeremiah barely misses your hound.
Your hound closely misses Jeremiah.
Your ice beast hits Jeremiah.
Your ice beast freezes Jeremiah.
Your hound closely misses Jeremiah.
Jeremiah hits your ice beast with a +4 trident of draining.
Jeremiah drains your ice beast.
Your ice beast barely misses Jeremiah.
Your hound bites Jeremiah.
Your ice beast hits Jeremiah.
Your ice beast freezes Jeremiah.
Your hound closely misses Jeremiah.
Jeremiah throws their arms up pleadingly.
Your ice beast is smitten.
What are your orders? t - Shout!
Orders for allies: a - Attack new target. p - Attack previous target. r - Retreat! s - Stop attacking. g - Guard the area. f - Follow me.
Anything else - Cancel.
Gang up on whom?
Press: ? - help, Dir - move target, f/p - Jeremiah
Aim: Jeremiah, wielding a +4 trident of draining, wearing a +0 robe and wearing an orb of energy (severely wounded, not watching you, ally target) Attack!
Your hound closely misses Jeremiah.
Your ice beast hits Jeremiah but does no damage.
Jeremiah hits your ice beast with a +4 trident of draining!
Your ice beast dies!
Your ice beast dissolves into shadows!
Jeremiah shouts!
Unknown command.
Your hound completely misses Jeremiah.
Jeremiah asks, "Where am I?
Why are you fighting me?"
Jeremiah hits your hound with a +4 trident of draining!
Jeremiah drains your hound.
Your hound bites Jeremiah.
Your hound closely misses Jeremiah.
Jeremiah hits your hound with a +4 trident of draining!
Your hound dies!
Your hound's corpse dissolves into shadows!
You block Jeremiah's attack.
You closely miss the butterfly. Jeremiah hits you but does no damage.
You partially resist.
You hit the butterfly.
You kill the butterfly!
The butterfly disappears in a burst of colours!
You block Jeremiah's attack.
You hit the butterfly but do no damage.
Jeremiah hits you from afar with a +4 trident of draining.
You partially resist.
You feel drained.
You miss the butterfly.
The butterfly disappears in a burst of colours!
You block Jeremiah's attack.
Jeremiah lets out a twisted cry.
Something smites you!
Jeremiah hops!
Jeremiah hops!
Jeremiah hits you but does no damage. You partially resist.
You closely miss the butterfly. Jeremiah hits you but does no damage.
You partially resist.
Jeremiah lets out a twisted cry.
Something smites you!
* * * LOW HITPOINT WARNING * * *
Okay, then.
You feel better.
Jeremiah hits you from afar with a +4 trident of draining.
* * * LOW HITPOINT WARNING * * *
You partially resist.
You feel drained.
* * * LOW HITPOINT WARNING * * *
Okay, then.
You feel attractive to monsters.
Jeremiah hops!
The butterfly is attracted toward you. Jeremiah is attracted toward you.
Unknown command.
You block Jeremiah's attack. The butterfly is attracted toward you.
Unknown command.
You hit Jeremiah.
Jeremiah is severely wounded.
You block Jeremiah's attack.
The butterfly is attracted toward you. x2
Unknown command.
You closely miss Jeremiah.
Jeremiah is severely wounded.
Jeremiah hits you with a +4 trident of draining!
* * * LOW HITPOINT WARNING * * *
You partially resist.
You feel drained.
The butterfly is attracted toward you. x3
Unknown command.
You slash Jeremiah!
Jeremiah is almost dead.
Jeremiah hits you with a +4 trident of draining!
You die...
Jeremiah wails, "I didn't mean to kill anyone!
I'm not a murderer!"

#.........# #.........#
#.........# ####.....§.##
#.......[bb#
###>########.## #...#
#.b## ##.###########bF##
.............bbb@###
........###.)###bbb##
#.<####......#####§.#
##..O.####..b..# ##.#
####b.###..b..# #.#
##......b..# #.#
##.......b## #.##
####.#.......###..#
####...b#.#####...##b#####


You could see Jeremiah.

Vanquished Creatures
  Grinder (D:4)
  Menkaure (D:6)
  A black bear (D:5)
  A phantom (D:6)
  A bullfrog (D:5)
  A scorpion (D:4)
  4 hounds (D:4)
  3 orc priests (D:3)
  An orc wizard (D:3)
  2 iguanas (D:5)
  A gnoll (D:2)
  6 adders
  A shadow imp (D:6)
  A dart slug (D:2)
  2 worms
  10 orcs
  4 bats
  7 endoplasms
  5 giant cockroaches
  7 goblins
  5 hobgoblins
  7 jackals
  5 quokkas
  A ball python (D:4)
  7 frilled lizards
  5 kobolds
  2 rats
92 creatures vanquished.

Vanquished Creatures (others)
  An ogre (D:6)
1 creature vanquished.

Grand Total: 93 creatures vanquished

Notes
Turn   | Place    | Note
-------+----------+-------------------------------------------
     0 | D:1      | Flugkiller the Deep Elf Fighter began the quest for the
                  | Orb.
     0 | D:1      | Reached XP level 1. HP: 13/13 MP: 3/3
   116 | D:1      | Reached XP level 2. HP: 12/18 MP: 4/4
   769 | D:1      | Reached XP level 3. HP: 22/22 MP: 5/5
   902 | D:2      | Found a faded altar of an unknown god.
  1786 | D:3      | Reached XP level 4. HP: 16/27 MP: 6/6
  2041 | D:3      | Found a basalt altar of Yredelemnul.
  2138 | D:3      | Found a runed translucent door.
  2360 | D:3      | Reached XP level 5. HP: 25/32 MP: 7/7
  2418 | D:3      | Reached skill level 3 in Shields
  2485 | D:3      | Found a runed translucent door.
  2620 | D:3      | Noticed Syrassil's ghost (amateur HOGl)
  3244 | D:4      | Reached skill level 4 in Shields
  3314 | D:4      | Identified the +6 plate armour of Efyer {Stlth+}
  3542 | D:4      | Reached XP level 6. HP: 37/37 MP: 8/8
  3613 | D:4      | Noticed Grinder
  3656 | D:4      | Killed Grinder
  3657 | D:4      | Reached skill level 5 in Shields
  3657 | D:4      | Reached XP level 7. HP: 38/41 MP: 9/9
  3702 | D:4      | Found a burning altar of Makhleb.
  3719 | D:4      | Became a worshipper of Makhleb the Destroyer
  4232 | D:5      | Entered Level 5 of the Dungeon
  4270 | D:5      | Reached skill level 6 in Shields
  4537 | D:5      | Identified the +0 leather armour "Elidud" {Rampage +Inv
                  | Slay-4}
  4769 | D:5      | Found a sparkling altar of Nemelex Xobeh.
  4769 | D:5      | Found a transporter.
  4914 | D:5      | Found an opulent altar of Gozag.
  5202 | D:6      | Noticed Menkaure
  5239 | D:6      | Killed Menkaure
  5239 | D:6      | Reached * piety under Makhleb
  5240 | D:6      | Reached XP level 8. HP: 12/48 MP: 10/10
  5391 | D:6      | Noticed Jeremiah
  5686 | D:6      | HP: 1/45 [Jeremiah/+4 trident of draining (10)]
  5687 | D:6      | Mangled by Jeremiah

Illustrated notes

Levels and vault maps discovered:
D:1:      zaba_arrival_water, layout_basic
D:2:      layout_basic, hellmonk_ecumenical_altar_blasted, cheibrodos_gnoll_hut
D:3:      layout_loops_ring, nicolae_overflow_hidden_temple,
          ebering_ghost_sewer_f, st_stairs_9
D:4:      layout_basic, makhleb_heckhound_becter, nrook_mini_backslash,
          minmay_misc_feat_pillars, uniq_grinder
D:5:      layout_loops_cross, mainiacjoe_overflow_catwalk,
          grunt_nemelex_the_gamble, hangedman_decor_points
D:6:      layout_rooms, mainiacjoe_overflow_cross_hatched,
          mainiacjoe_overflow_alcove_2, uniq_menkaure, uniq_jeremiah

Skill      XL: |  1  2  3  4  5  6  7 |
---------------+----------------------+-----
Long Blades    | 2 3 4 |  4.7
Fighting       | 3 |  3.8
Shields        | 4 5 6 |  6.4
Armour         | |  2.4

Action                     |  1- 3 |  4- 6 |  7- 9 || total
---------------------------+-------+-------+-------++-------
  Melee: Long sword        |   136 |   150 |   131 ||   417
  Evoke: Wand              |       |       |     3 ||     3
    Use: Scroll            |     6 |       |     5 ||    11
         Potion            |     1 |     2 |     2 ||     5
 Armour: Scale mail        |    99 |    82 |       ||   181
         Ring mail         |     1 |       |       ||     1
         Plate armour      |       |    24 |   124 ||   148
  Dodge: Dodged            |    57 |    38 |     5 ||   100
  Block: Buckler           |    28 |    22 |       ||    50
         Kite shield       |       |    32 |    89 ||   121

Table legend: (Time is in decaauts)
 A = Elapsed time spent in this place.
 B = Non-inter-level travel time spent in this place.
 C = Inter-level travel time spent in this place.
 D = Time resting spent in this place.
 E = Time spent auto-exploring this place.
 F = Levels seen in this place.
 G = Mean time per level.
                   A        B        C        D        E       F      G
               +--------+--------+--------+--------+--------+-----+--------+
         Total |   5837 |   5539 |    298 |   1174 |   2811 |   6 |  972.8 |
       Dungeon |   5837 |   5539 |    298 |   1174 |   2811 |   6 |  972.8 |
               +--------+--------+--------+--------+--------+-----+--------+

Top non-repeatable levels by time:
     D:3: 1316 daAuts
     D:2: 1159 daAuts
     D:4: 1106 daAuts
     D:5: 1039 daAuts
     D:1: 796 daAuts
     D:6: 419 daAuts
